 Dungeon Crawl Stone Soup version 0.31.0-12-g77e489cdc1 (webtiles) character file.

Game seed: 16564899347530132332

1726 Ekaitz the Chiller (level 8, -4/59 HPs)
             Began as a Demonspawn Ice Elementalist on Feb 14, 2024.
             Was a Follower of Sif Muna.
             Killed by divine providence
             ... invoked by Jeremiah
              (14 damage)
             ... on level 7 of the Dungeon.
             The game lasted 00:19:52 (5862 turns).

Ekaitz the Chiller (Demonspawn Ice Elementalist)    Turns: 5862, Time: 00:19:54

Health: -4/59      AC: 21    Str:  8    XL:     8   Next: 75%
Magic:  5/15       EV: 13    Int: 18    God:    Sif Muna [*.....]
Gold:   402        SH:  0    Dex: 16    Spells: 2/16 levels left

rFire   + + .        s - +0 scimitar (protect)
rCold   . . .        (no shield)
rNeg    . . .        a - +0 robe
rPois   +            (helmet restricted)
rElec   .            (no cloak)
rCorr   .            E - +0 pair of gloves
SInv    .            y - +0 pair of boots
Will    +....        l - amulet "Bosytar" {RegenMP rPois rF+ Will+ Dex+2}
Stlth   ++           o - ring of protection from fire
HPRegen 0.29/turn    (no ring)
MPRegen 0.54/turn

%: no passive effects
@: ice-armoured, under a protective aura
A: horns 2, yellow scales 2
a: Renounce Religion, Channel Magic


You were on level 7 of the Dungeon.
You worshipped Sif Muna.
Sif Muna was aware of your devotion.
You visited 2 branches of the dungeon, and saw 8 of its levels.
You also visited: Sewer.

You collected 402 gold pieces.

Inventory:

Hand Weapons
 c - a +0 dagger
 m - a +0 morningstar
 s - a +0 scimitar of protection (weapon)
 v - a +1 mace of protection
 A - the +7 halberd of Bespelled Valour {protect, Will+ Str+4 Int-5 SInv}
   (You found it in a sewer)

   Str+4:     It affects your strength (+4).
   Int-5:     It affects your intelligence (-5).
   Will+:     It increases your willpower.
   SInv:      It lets you see invisible.
 G - a +0 trident of distortion
Missiles
 g - 6 poisoned darts
 B - 2 atropa-tipped darts
Armour
 a - a +0 robe (worn)
 q - a +1 scale mail of poison resistance
 y - a +0 pair of boots (worn)
 E - a +0 pair of gloves (worn)
Jewellery
 l - the amulet "Bosytar" (around neck) {RegenMP rPois rF+ Will+ Dex+2}
   (You found it on level 2 of the Dungeon)

   [amulet of magic regeneration]

   RegenMP:   It increases your rate of magic regeneration.
   Dex+2:     It affects your dexterity (+2).
   rF+:       It protects you from fire.
   rPois:     It protects you from poison Will+: It increases your willpower.
 o - a ring of protection from fire (left hand)
Wands
 x - a wand of flame (19)
Scrolls
 d - 4 scrolls of teleportation {unknown}
 e - 12 scrolls of identify {unknown}
 h - 2 scrolls of acquirement {unknown}
 n - a scroll of enchant weapon {unknown}
 r - 3 scrolls of fog {unknown}
 t - 5 scrolls of poison {unknown}
 u - a scroll of brand weapon {unknown}
 w - 2 scrolls of blinking {unknown}
 z - a scroll of immolation {unknown}
 C - a scroll of silence {unknown}
 D - a scroll of revelation {unknown}
 H - a scroll of vulnerability {unknown}
Potions
 b - 3 potions of magic
 f - 7 potions of curing {unknown}
 i - 2 potions of ambrosia {unknown}
 j - a potion of might {unknown}
 k - 2 potions of heal wounds {unknown}
 p - a potion of lignification {unknown}
 F - a potion of degeneration {unknown}


   Skills:
 * Level 3.6 Fighting
 + Level 0.4(0.9) Short Blades
 + Level 1.2 Long Blades
 + Level 2.7 Dodging
 + Level 2.6 Stealth
 + Level 4.9 Spellcasting
 * Level 2.2 Conjurations
 * Level 2.8 Summonings
 * Level 2.6 Translocations
 * Level 7.0 Ice Magic
 * Level 1.6 Invocations


You had 2 spell levels left.
You knew the following spells:

 Your Spells              Type           Power      Damage    Failure   Level
a - Freeze                Ice            100%       1d10      1%          1
b - Frozen Ramparts       Ice            58%        1d9       2%          3
c - Summon Ice Beast      Ice/Summ       22%        N/A       5%          3
d - Ozocubu's Armour      Ice            29%        N/A       2%          3
e - Momentum Strike       Conj/Tloc      26%        3d8       8%          2
k - Blink                 Tloc           26%        N/A       7%          2

Your spell library contained the following spells:

 Spells                   Type           Power      Damage    Failure   Level
 Ensorcelled Hibernation  Hex/Ice        34%        N/A       4%          2
 Lesser Beckoning         Tloc           26%        N/A       7%          2
 Fugue of the Fallen      Necr           4%         N/A       38%         3
 Anguish                  Hex/Necr       2%         N/A       80%         4


Dungeon Overview and Level Annotations

Branches:
Dungeon (7/15)             Temple (1/1) D:4           Sewer (visited)

Altars:
Ashenzari
Cheibriados
Dithmenos
Fedhas
Gozag
Hepliaklqana
Kikubaaqudgha
Makhleb
Okawaru
Qazlal
Sif Muna
Trog
Vehumet
Wu Jian
Yredelemnul

Shops:
D:4 *=

Annotations:
D:7 Jeremiah


Innate Abilities, Weirdness & Mutations

You have a pair of horns on your head.
You are mostly covered in yellow scales. (AC +3)


Message History

The wall freezes the ice beast but does no damage.
The ice beast hits you but does no damage.
Unknown command.
You barely miss the ice beast.
The ice beast is severely wounded.
The frozen ramparts melt away.
The butterfly disappears in a burst of colours!
The ice beast hits you but does no damage.
The ice beast hits you. The ice beast freezes you!
* * * LOW HITPOINT WARNING * * *
Your magical contamination has completely faded away.
Unknown command.
Casting: Momentum Strike (safe; 8% risk of failure)
Confirm with . or Enter, or press ? or * to list all spells.
Casting: Frozen Ramparts (dangerous; 2% risk of failure)
Press: ? - help, Dir - look around, f - activate
Okay, then.
You closely miss the ice beast.
The ice beast is severely wounded.
The ice beast misses you.
Unknown command.
Casting: Frozen Ramparts (dangerous; 2% risk of failure)
Confirm with . or Enter, or press ? or * to list all spells.
A chill wind blows around you.
Jeremiah hops!
The ice beast hits you but does no damage.
Unknown command.
You hit the ice beast.
Your weapon exudes an aura of protection.
The ice beast is almost dead.
You are no longer robbed of momentum.
The ice beast barely misses you.
Jeremiah hops!
Your ice beast completely misses the ice beast.
Unknown command.
You hit the ice beast but do no damage.
The ice beast is almost dead.
The ice beast barely misses you.
Jeremiah shouts, "O dreadful one, destroy my foe!"
Something smites you!
You die...
Jeremiah asks, "What happened?
Did... did you die?"

#........#.##.#
#..bFb##.#.##.#
....... #.##.#
.......## #.##.#
#.......# #.##.#
.Y. #.##.# .{..
#.##.####### ..F#
#.##.#...... #..#
#@##.#......
#..##Y#.........
#####..#Y#.......$.
.........#.........
.#####.#b.[...#####
#.bbF....#
##.......#
#°##.#### #. #.#


You could see Jeremiah, an ice beast (ally target) and a friendly ice beast
(summoned).

Vanquished Creatures
  A water moccasin (D:6)
  An ice beast (D:7)
  A sky beast (D:7)
  A black bear (D:4)
  2 centaurs
  2 bullfrogs
  A scorpion (D:6)
  2 bombardier beetles
  3 hounds
  An orc priest (D:4)
  2 iguanas (D:6)
  An orc wizard (D:4)
  Terence (D:2)
  6 gnolls (D:6)
  14 adders
  A shadow imp (D:6)
  A white imp (D:5)
  4 ufetubi
  15 dart slugs
  A ribbon worm (D:4)
  21 orcs
  5 bats
  3 endoplasms
  9 giant cockroaches
  7 goblins
  10 hobgoblins
  6 jackals
  2 quokkas
  16 ball pythons
  21 frilled lizards
  10 kobolds
  3 rats
174 creatures vanquished.

Vanquished Creatures (collateral kills)
  Prince Ribbit (D:5)
  A bullfrog (Sewer)
  A scorpion (D:5)
  2 ufetubi (D:6)
  A dart slug (Sewer)
6 creatures vanquished.

Grand Total: 180 creatures vanquished

Notes
Turn   | Place    | Note
-------+----------+-------------------------------------------
     0 | D:1      | Ekaitz the Demonspawn Ice Elementalist began the quest for
                  | the Orb.
     0 | D:1      | Reached XP level 1. HP: 13/13 MP: 3/3
    50 | D:1      | Found a faded altar of an unknown god.
   430 | D:1      | Gained mutation: You are partially covered in yellow
                  | scales. (AC +2) [demonic ancestry]
   430 | D:1      | Reached XP level 2. HP: 19/19 MP: 3/5
   587 | D:1      | Reached skill level 4 in Ice Magic
  1118 | D:2      | Noticed Terence
  1176 | D:2      | Gained mutation: You have a pair of small horns on your
                  | head. [demonic ancestry]
  1176 | D:2      | Reached XP level 3. HP: 23/24 MP: 0/6
  1182 | D:2      | Learned a level 3 spell: Frozen Ramparts
  1683 | D:2      | Identified the amulet "Bosytar" {RegenMP rPois rF+ Will+
                  | Dex+2}
  1834 | D:2      | Killed Terence
  1835 | D:2      | Gained mutation: You have a pair of horns on your head.
                  | [demonic ancestry]
  1835 | D:2      | Reached XP level 4. HP: 31/31 MP: 4/8
  1851 | D:2      | Learned a level 3 spell: Summon Ice Beast
  1987 | D:3      | Reached skill level 1 in Fighting
  2298 | D:3      | Gained mutation: You are mostly covered in yellow scales.
                  | (AC +3) [demonic ancestry]
  2298 | D:3      | Reached XP level 5. HP: 37/37 MP: 9/9
  2301 | D:3      | Learned a level 2 spell: Blink
  2672 | D:4      | Found Zudytov's Jewellery Emporium.
  2680 | D:4      | Found a staircase to the Ecumenical Temple.
  2703 | Temple   | Entered the Ecumenical Temple
  2909 | D:4      | Noticed a centaur
  2927 | D:4      | Killed a centaur
  2928 | D:4      | Reached skill level 1 in Summonings
  2928 | D:4      | Reached skill level 5 in Ice Magic
  2928 | D:4      | Reached XP level 6. HP: 41/43 MP: 4/11
  2952 | D:4      | Found Yderi's Mass Market.
  3023 | D:4      | Reached skill level 1 in Translocations
  3524 | D:5      | Entered Level 5 of the Dungeon
  3597 | D:5      | Found an opulent altar of Gozag.
  3604 | D:5      | Learned a level 3 spell: Ozocubu's Armour
  3650 | D:5      | Found a glowing drain.
  3664 | D:5      | Reached XP level 7. HP: 50/50 MP: 4/12
  3737 | Sewer    | Entered a sewer
  3848 | Sewer    | Learned a level 2 spell: Momentum Strike
  4034 | Sewer    | Reached skill level 6 in Ice Magic
  4041 | Sewer    | Identified the +7 halberd of Bespelled Valour {protect,
                  | Will+ Str+4 Int-5 SInv}
  4398 | D:5      | Noticed Prince Ribbit
  4414 | D:5      | Killed Prince Ribbit
  4415 | D:5      | Reached skill level 1 in Conjurations
  4418 | D:5      | Reached XP level 8. HP: 51/57 MP: 8/14
  5048 | D:6      | Found a hazy altar of Hepliaklqana.
  5049 | D:6      | Found a shadowy altar of Dithmenos.
  5078 | D:6      | Found a shimmering blue altar of Sif Muna.
  5083 | D:6      | Became a worshipper of Sif Muna the Loreminder
  5393 | D:6      | Reached * piety under Sif Muna
  5609 | D:6      | Found a basalt altar of Yredelemnul.
  5751 | D:7      | Noticed Jeremiah
  5794 | D:7      | Reached skill level 1 in Long Blades
  5794 | D:7      | Reached skill level 1 in Invocations
  5813 | D:7      | Found a burning altar of Makhleb.
  5855 | D:7      | Reached skill level 7 in Ice Magic
  5862 | D:7      | Killed from afar by Jeremiah

Illustrated notes

Levels and vault maps discovered:
D:1:      dpeg_arrival_three_same_balls, layout_loops_corners,
          basic_ecumenical_altar, kennysheep_another_room
D:2:      kb_forest_paths, layout_rooms, basic_altar, uniq_terence
D:3:      layout_loops_cross, grunt_decor_fettered, serial_bayou_pond_a,
          minmay_lizard_king
D:4:      black_bear_nest_1, layout_loops_ring,
          minmay_temple_entry_purple_smoke, serial_shops,
          nicolae_shop_hallway_stairs, minmay_shop_mass
D:5:      layout_cave_pods, grunt_gozag_breadcrumbs, gup_sewer_entry_glass,
          uniq_prince_ribbit1
D:6:      layout_basic, kennysheep_ying_yang,
          riverfiend_overflow_shadow_ancestor, mainiacjoe_overflow_24_doors
D:7:      layout_basic, bloody_makhleb, gammafunk_ghost_berserking_beasts,
          grunt_ministairs_12, uniq_jeremiah
Temple:   hellmonk_temple_micro_hex

Skill      XL: |  1  2  3  4  5  6  7  8 |
---------------+-------------------------+-----
Dodging        | 2 |  2.7
Ice Magic      | 4 5 6 7 |  7.0
Stealth        | 2 |  2.6
Fighting       | 1 2 3 |  3.6
Spellcasting   | 3 4 |  4.9
Summonings     | 1 2 |  2.8
Translocations | 1 2 |  2.6
Conjurations   | 1 2 |  2.2
Long Blades    | 1 |  1.2
Invocations    | 1 |  1.6
Short Blades   | |  0.4

Action                     |  1- 3 |  4- 6 |  7- 9 || total
---------------------------+-------+-------+-------++-------
  Melee: Dagger            |    30 |    41 |       ||    71
         Headbutt          |     4 |     9 |    17 ||    30
         Scimitar          |       |    17 |    69 ||    86
         Punch             |       |       |     2 ||     2
   Cast: Freeze            |    56 |    48 |    77 ||   181
         Frozen Ramparts   |       |    13 |    13 ||    26
         Ozocubu's Armour  |       |     3 |     9 ||    12
         Summon Ice Beast  |       |       |     6 ||     6
         Momentum Strike   |       |       |     3 ||     3
   Stab: Sleeping          |     5 |     6 |     1 ||    12
         Distracted        |       |       |     1 ||     1
 Armour: Robe              |    39 |    72 |   128 ||   239
  Dodge: Dodged            |    52 |    72 |   124 ||   248
